 Dungeon Crawl Stone Soup version 0.30.1-11-g7821555f0a (webtiles) character file.

Game seed: 16221710168209102318

27037 Eryximachus the Summoner (level 13, -1/78 HPs)
             Began as a Gargoyle Earth Elementalist on Nov 26, 2023.
             Was an Initiate of Gozag.
             Shot with a bolt by an orc knight (10 damage)
             ... on level 2 of the Orcish Mines on Nov 27, 2023.
             The game lasted 01:05:04 (22743 turns).

Eryximachus the Summoner (GrEE)                    Turns: 22743, Time: 01:05:05

Health: -1/78      AC: 12    Str: 13    XL:     13   Next: 29%
Magic:  18/25      EV: 11    Int: 26    God:    Gozag
Gold:   1605       SH:  5    Dex: 10    Spells: 20/28 levels left

rFire   . . .        N - +3 greatsling "Punk" {acid, rCorr}
rCold   . . .        g - +0 buckler
rNeg    + . .        a - +0 robe
rPois   ∞            p - +0 helmet
rElec   +            y - scarf {harm}
rCorr   +            (no gloves)
SInv    .            (no boots)
Will    .....        s - amulet of regeneration
Stlth   +++          Z - ring of wizardry
HPRegen 1.13/turn    I - +6 ring of intelligence
MPRegen 0.19/turn

%: harm (+30% outgoing, +20% incoming), wizardry (x1)
@: gold aura, studying Throwing
A: sickness immunity, AC +9, negative energy resistance 1, electricity
resistance, torment resistance 1, petrification resistance
a: Renounce Religion, Potion Petition, Call Merchant, Bribe Branch


You were on level 2 of the Orcish Mines.
You worshipped Gozag.
Gozag was most pleased with you.
You visited 3 branches of the dungeon, and saw 14 of its levels.

You collected 2031 gold pieces.
You paid 426 gold pieces to Gozag.


Innate Abilities, Weirdness & Mutations

You are immune to sickness and miasma.
Your stone body is resilient. (AC +9)
You are immune to poison.
You resist negative energy. (rN+)
You are resistant to electric shocks. (rElec)
You are resistant to unholy torment.
You are immune to petrification.


   Skills:
 - Level 8.0 Fighting
 - Level 4.0 Maces & Flails
 - Level 4.0 Ranged Weapons
 - Level 2.0 Dodging
 - Level 5.0 Stealth
 - Level 8.0 Shields
 - Level 8.0 Spellcasting
 - Level 6.0 Conjurations
 - Level 8.0 Summonings
 + Level 5.7 Transmutations
 - Level 8.0 Air Magic
 - Level 6.0 Earth Magic
 - Level 3.0 Evocations


You had 20 spell levels left.
You knew the following spells:

 Your Spells              Type           Power      Damage    Failure   Level
l - Summon Lightning Spi  Summ/Air       51%        N/A       1%          4
w - Stone Arrow           Conj/Erth      82%        3d12      1%          3
z - Sandblast             Erth           82%        2d17      1%          1

Your spell library contained the following spells:

 Spells                   Type           Power      Damage    Failure   Level
 Passwall                 Tmut/Erth      34%        N/A       1%          2
 Petrify                  Tmut/Erth      41%        N/A       2%          4
 Summon Ice Beast         Ice/Summ       31%        N/A       6%          4
 Frozen Ramparts          Ice            20%        1d4       9%          3
 Ice Form                 Ice/Tmut       25%        N/A       9%          4
 Storm Form               Tmut/Air       23%        N/A       78%         7
 Maxwell's Capacitive Co  Air            25%        ∞         99%         8
 Chain Lightning          Conj/Air       23%        3d30      100%        9
 Fire Storm               Conj/Fire      13%        8d3       100%        9
 Shatter                  Erth           20%        3d18*     100%        9

Inventory:

Hand Weapons
 h - a +2 dagger of draining
 t - a +2 spear of freezing
 w - the +10 mace of Afoimnes {heavy, Int+2}
   (You found it on level 5 of the Dungeon)

   Int:       It affects your intelligence (+2).
 N - the +3 greatsling "Punk" (weapon) {acid, rCorr}
   (You found it on level 11 of the Dungeon)

   rCorr:     It protects you from acid and corrosion.
Missiles
 u - a throwing net {=f}
 x - 21 poisoned darts
Armour
 a - a +0 robe (worn)
 g - a +0 buckler (worn)
 p - a +0 helmet (worn)
 y - a scarf of harm (worn)
Magical Staves
 G - a staff of air {!a}
Jewellery
 s - an amulet of regeneration (around neck)
 I - a +6 ring of intelligence (right hand)
 S - a +6 ring of strength
 Z - a ring of wizardry (left hand)
Wands
 L - a wand of roots (4)
 M - a wand of polymorph (3)
Scrolls
 d - 8 scrolls of teleportation {@r2}
 f - 3 scrolls of amnesia
 k - 2 scrolls of noise
 l - a scroll of immolation {unknown}
 m - a scroll of vulnerability
 n - 2 scrolls of enchant weapon
 q - 2 scrolls of fog
 z - 2 scrolls of blinking
 A - a scroll of silence {!r}
 D - a scroll of poison
 E - a scroll of brand weapon {unknown}
 H - a scroll of magic mapping {unknown}
 K - a scroll of enchant armour
Potions
 b - 3 potions of magic
 c - 4 potions of might
 e - 4 potions of haste {@q3}
 i - 9 potions of heal wounds {@q2}
 j - 8 potions of curing {@q1}
 o - 3 potions of degeneration
 r - 2 potions of cancellation
 v - 2 potions of ambrosia
 B - 2 potions of attraction
 C - a potion of invisibility
 F - a potion of resistance {unknown}
 J - a potion of mutation {unknown}
Miscellaneous
 O - a lightning rod (4/4)

Dungeon Overview and Level Annotations

Branches:
Dungeon (11/15)            Temple (1/1) D:4            Lair (0/5) D:10
    Orc (2/2) D:11            Elf (0/3) Orc:2

Altars:
Ashenzari
Cheibriados
Dithmenos
Elyvilon
Fedhas
Gozag
Hepliaklqana
Kikubaaqudgha
Makhleb
Nemelex Xobeh
Okawaru
Qazlal
Ru
Sif Muna
Trog
Uskayaw
Yredelemnul
The Shining One

Shops:
D:5 :   D:6 (

Annotations:
D:11 1 runed translucent door

#....▒∩...8..............#......
#...........▒..▒....▒...........
#...#......▒..▒....8.....$....##
........▒$...▒.▒....▒........$..#
.#..#...▒...........▒....#...8$.#
........▒..o....................#
.#.......▒▒▒....8▒.▒........#....
..##.#.......$▒.▒▒..#........##..
#.....$..8...@..##....##.###..
.........#...##.......#### ##.
......................# ##
#####.###..#..$.####### # ##
######### # .


You could see an orc knight (strong, corroded, ally target) and a friendly
lightning spire (summoned).


Message History

Confirm with . or Enter, or press ? or * to list all spells.
An electric hum fills the air.
The orc knight shouts!
The orc knight roars a battlecry!
The orc knight goes into a battle-frenzy!
Fire: N) +3 greatsling "Punk" {acid, rCorr}
Press: ? - help, Q - select action, (/) - cycle Shift-Dir - straight line, f/p - orc knight
Aim: an orc knight, wielding a +0 long sword and wearing a +0 plate armour (severely wounded, strong, ally target, 64% to hit)
You shoot a sling bullet.
The sling bullet hits the orc knight but does no damage.
The orc knight is splashed with acid.
The acid corrodes the orc knight!
The orc knight is almost dead.
Fire: N) +3 greatsling "Punk" {acid, rCorr}
Press: ? - help, Q - select action, (/) - cycle Shift-Dir - straight line, f/p - orc knight
Aim: an orc knight, wielding a +0 long sword and wearing a +0 plate armour (almost dead, strong, covered in acid, ally target, 64% to hit)
You shoot a sling bullet.
The sling bullet hits the orc knight but does no damage.
The orc knight is splashed with acid.
The orc knight seems to be corroded for longer.
The orc knight is almost dead.
Your lightning spire shoots out a bolt of lightning at the orc knight!
The bolt of electricity hits the orc knight!
The orc knight dies!
The orc knight unwields a +0 battleaxe.
The orc knight wields a +0 arbalest.
The orc knight shoots a bolt.
The bolt hits you!!
* * * LOW HITPOINT WARNING * * *
Unknown command.
The orc knight shoots a bolt.
The bolt hits you!
You die...
Your body crumbles into a pile of gold.

Skill      XL: |  1  2  3  4  5  6  7  8  9 10 11 12 13 |
---------------+----------------------------------------+-----
Transmutations | 1 3 5 |  5.7
Earth Magic    | 4 5 6 |  6.0
Dodging        | 2 |  2.0
Stealth        | 3 4 5 |  5.0
Conjurations   | 1 2 4 6 |  6.0
Spellcasting   | 3 4 5 6 8 |  8.0
Fighting       | 3 4 6 8 |  8.0
Maces & Flails | 1 4 |  4.0
Summonings     | 5 7 8 |  8.0
Air Magic      | 1 4 6 8 |  8.0
Shields        | 5 7 8 |  8.0
Evocations     | 2 3 |  3.0
Ranged Weapons | 3 4 |  4.0

Action                     |  1- 3 |  4- 6 |  7- 9 | 10-12 | 13-15 || total
---------------------------+-------+-------+-------+-------+-------++-------
  Melee: Dagger            |    11 |    35 |    58 |       |       ||   104
         Mace              |       |       |    52 |    26 |       ||    78
         Punch             |       |       |     2 |       |       ||     2
   Fire: Greatsling        |       |       |       |    89 |    84 ||   173
  Throw: Throwing net      |       |       |     1 |       |       ||     1
   Cast: Sandblast         |    40 |    68 |    71 |    46 |       ||   225
         Stone Arrow       |       |       |    31 |    78 |       ||   109
         Summon Lightning  |       |       |     1 |    74 |    16 ||    91
 Invoke: Potion Petition   |       |       |       |     2 |       ||     2
    Use: Scroll            |       |       |    12 |     7 |     1 ||    20
   Stab: Sleeping          |     1 |     4 |     3 |       |       ||     8
         Distracted        |       |       |     1 |     1 |       ||     2
 Armour: Robe              |     7 |    18 |    95 |    65 |     1 ||   186
  Dodge: Dodged            |    14 |    37 |   113 |    95 |     4 ||   263
  Block: Buckler           |       |       |       |    28 |     3 ||    31

Levels and vault maps discovered:
D:1:      matt_arrival_refuge, layout_rooms, minmay_tetromino_l4
D:2:      layout_basic, shapermc_ecumenical_altar_mp_vishouse, hex_intersection
D:3:      layout_loops_ring, fedhas_altar_2, grunt_decor_fettered
D:4:      layout_basic, lemuel_doored_altar, minmay_temple_entry_slanted,
          serial_corexii_hall, corexii_hall_statues_l,
          chequers_hall_statues_corner_a
D:5:      layout_layer_cave, okawaru_ov_weapons_minmay,
          hangedman_abyss_or_decor_stabs, nicolae_shop_self_help
D:6:      layout_gridville, kiku_gazebo_garden_becter, serial_shops, shop,
          minmay_manual_mullet
D:7:      layout_basic
D:8:      layout_basic
D:9:      lemuel_castle_with_subvaults [lemuel_castle_interior_carwin_3],
          layout_irregular_city, minmay_splitting_lines, skrybe_limestone_x,
          uniq_prince_ribbit1
D:10:     layout_long_grid, grunt_lair_entry_orc_guard_hut
D:11:     layout_rooms, erik_orc_2, gauntlet_entry_generic,
          nicolae_danse_macabre
Temple:   dpeg_five_rooms_temple
Orc:1:    layout_caves, kennysheep_orc_sif_temple, uniq_erica
Orc:2:    hellmonk_orc_salted, layout_diamond_mine, basic_altar

Notes
Turn   | Place    | Note
-------+----------+-------------------------------------------
     0 | D:1      | Eryximachus the Gargoyle Earth Elementalist began the quest
                  | for the Orb.
     0 | D:1      | Reached XP level 1. HP: 10/10 MP: 3/3
   341 | D:1      | Reached skill level 1 in Transmutations
   341 | D:1      | Reached XP level 2. HP: 15/15 MP: 1/5
   348 | D:1      | Learned a level 2 spell: Passwall
   842 | D:2      | You fall into a shaft and drop 2 floors!
   854 | D:4      | Reached skill level 4 in Earth Magic
   854 | D:4      | Reached XP level 3. HP: 17/19 MP: 6/6
  1052 | D:3      | Reached skill level 2 in Dodging
  1193 | D:3      | Found a blossoming altar of Fedhas.
  1458 | D:2      | Reached skill level 3 in Stealth
  1462 | D:2      | Learned a level 3 spell: Stone Arrow
  1619 | D:2      | Reached skill level 1 in Conjurations
  1619 | D:2      | Reached XP level 4. HP: 24/24 MP: 2/8
  2107 | D:2      | Found a faded altar of an unknown god.
  2458 | D:3      | Reached skill level 2 in Conjurations
  2512 | D:3      | Reached skill level 3 in Spellcasting
  2537 | D:3      | Reached XP level 5. HP: 28/28 MP: 4/9
  2541 | D:3      | Reached skill level 3 in Conjurations
  2994 | D:4      | Noticed a phantom
  3282 | D:4      | Found a glowing golden altar of the Shining One.
  3446 | D:4      | Reached skill level 4 in Conjurations
  3446 | D:4      | Reached skill level 1 in Fighting
  3516 | D:4      | Killed a phantom
  3517 | D:4      | Reached skill level 3 in Fighting
  3517 | D:4      | Reached XP level 6. HP: 32/37 MP: 1/10
  3608 | D:4      | Found a staircase to the Ecumenical Temple.
  3617 | Temple   | Entered the Ecumenical Temple
  3735 | Temple   | Became a worshipper of Gozag Ym Sagoz the Greedy
  3845 | D:4      | Reached skill level 5 in Earth Magic
  4125 | D:4      | Reached XP level 7. HP: 37/41 MP: 11/11
  4307 | D:4      | Reached skill level 6 in Earth Magic
  4584 | D:5      | Entered Level 5 of the Dungeon
  4642 | D:5      | Noticed a steam dragon
  4737 | D:5      | Identified the +6 falchion of the Big Fish {heavy, Str+6}
  4750 | D:5      | Reached skill level 4 in Fighting
  4753 | D:5      | Found an iron altar of Okawaru.
  4810 | D:5      | Reached skill level 5 in Conjurations
  5108 | D:5      | Identified the +10 mace of Afoimnes {heavy, Int+2}
  5579 | D:5      | Found Yrroo's Self-Improvement Boutique.
  5605 | D:5      | Reached skill level 6 in Conjurations
  5605 | D:5      | Reached skill level 1 in Maces & Flails
  5605 | D:5      | Reached XP level 8. HP: 40/48 MP: 0/12
  5707 | D:5      | Reached skill level 3 in Maces & Flails
  6093 | D:5      | Learned a level 4 spell: Summon Lightning Spire
  6197 | D:6      | Reached skill level 4 in Maces & Flails
  6197 | D:6      | Reached skill level 1 in Summonings
  6278 | D:6      | Found an ancient bone altar of Kikubaaqudgha.
  6321 | D:6      | Reached skill level 2 in Summonings
  6447 | D:6      | Found Nytef's Weapon Boutique.
  6484 | D:6      | Reached skill level 3 in Summonings
  6489 | D:6      | Reached skill level 4 in Summonings
  6709 | D:6      | Reached skill level 5 in Summonings
  6709 | D:6      | Reached skill level 1 in Air Magic
  6709 | D:6      | Reached XP level 9. HP: 52/52 MP: 10/13
  6911 | D:6      | Reached skill level 2 in Air Magic
  6917 | D:6      | HP: 5/52 [kobold/+0 whip (3)]
  7051 | D:6      | Reached skill level 3 in Air Magic
  7702 | D:7      | Reached skill level 4 in Air Magic
  8708 | D:7      | Reached skill level 4 in Spellcasting
  9733 | D:8      | Reached XP level 10. HP: 56/56 MP: 10/16
  9736 | D:8      | Reached skill level 6 in Summonings
  9736 | D:8      | Reached skill level 5 in Air Magic
 10896 | D:8      | Identified the +9 trident of Armageddon {freeze, rElec}
 11551 | D:9      | Reached skill level 5 in Spellcasting
 11686 | D:9      | Noticed Prince Ribbit
 11687 | D:9      | HP: 5/56 [acid dragon/splash of acid (31)]
 11768 | D:9      | Killed Prince Ribbit
 11896 | D:9      | Reached skill level 5 in Fighting
 12038 | D:9      | Reached skill level 7 in Summonings
 12134 | D:9      | Noticed a kobold demonologist
 12137 | D:9      | Noticed a sixfirhy
 12140 | D:9      | Noticed a rust devil
 12140 | D:9      | Killed a kobold demonologist
 12141 | D:9      | Reached skill level 6 in Air Magic
 12352 | D:9      | Noticed an ogre mage
 12358 | D:9      | Killed an ogre mage
 12359 | D:9      | Reached skill level 6 in Fighting
 12394 | D:9      | Noticed a cyclops
 12469 | D:9      | Killed a cyclops
 12470 | D:9      | Reached XP level 11. HP: 64/64 MP: 3/18
 12784 | D:9      | Reached skill level 8 in Summonings
 12784 | D:9      | Reached skill level 7 in Air Magic
 13146 | D:9      | Reached skill level 1 in Shields
 13786 | D:9      | Reached skill level 2 in Shields
 14092 | D:9      | Noticed a two-headed ogre
 14098 | D:9      | Killed a two-headed ogre
 14099 | D:9      | Reached skill level 3 in Shields
 15011 | D:9      | Reached skill level 4 in Shields
 15011 | D:9      | Reached skill level 8 in Air Magic
 15344 | D:9      | Noticed a cyclops
 15350 | D:9      | Killed a cyclops
 15688 | D:9      | Reached skill level 5 in Shields
 16106 | D:9      | Reached skill level 1 in Evocations
 17150 | D:10     | Entered Level 10 of the Dungeon
 17170 | D:10     | Noticed a two-headed ogre
 17181 | D:10     | Killed a two-headed ogre
 17212 | D:10     | Reached skill level 4 in Stealth
 17430 | D:10     | Reached skill level 6 in Spellcasting
 17433 | D:10     | Reached skill level 2 in Evocations
 17607 | D:10     | Found a staircase to the Lair.
 17617 | D:10     | Reached XP level 12. HP: 61/71 MP: 11/21
 17943 | D:10     | Noticed a two-headed ogre
 17949 | D:10     | Killed a two-headed ogre
 18079 | D:10     | Noticed a two-headed ogre
 18086 | D:10     | Killed a two-headed ogre
 18087 | D:10     | Reached skill level 6 in Shields
 18636 | D:11     | Noticed a two-headed ogre
 18639 | D:11     | Killed a two-headed ogre
 18640 | D:11     | Reached skill level 7 in Fighting
 18711 | D:10     | Reached skill level 5 in Stealth
 18781 | D:11     | Noticed a centaur warrior
 18788 | D:11     | HP: 3/72 [centaur warrior (6)]
 18791 | D:11     | Killed a centaur warrior
 18794 | D:11     | HP: 7/72 [centaur/arrow[a centaur warrior] (6)]
 19020 | D:11     | Reached skill level 7 in Spellcasting
 19020 | D:11     | Reached skill level 3 in Evocations
 19045 | D:11     | Found a gate leading to a gauntlet.
 19134 | D:11     | Noticed a boulder beetle
 19143 | D:11     | Killed a boulder beetle
 19334 | D:11     | Found a runed translucent door.
 19334 | D:11     | Noticed a +1 vampiric demon whip
 19359 | D:11     | Reached skill level 2 in Transmutations
 19401 | D:11     | Found the +3 greatsling "Punk" {acid, rCorr}
 19497 | D:11     | Reached skill level 1 in Ranged Weapons
 20353 | D:11     | Reached skill level 2 in Ranged Weapons
 20353 | D:11     | Reached skill level 7 in Shields
 20723 | D:11     | Reached skill level 8 in Spellcasting
 20964 | D:11     | Found a staircase to the Orcish Mines.
 21077 | Orc:1    | Entered Level 1 of the Orcish Mines
 21171 | Orc:1    | Noticed a two-headed ogre
 21172 | Orc:1    | Reached skill level 8 in Fighting
 21172 | Orc:1    | Reached skill level 3 in Transmutations
 21174 | Orc:1    | Noticed an ogre mage
 21177 | Orc:1    | Killed a two-headed ogre
 21180 | Orc:1    | Killed an ogre mage
 21181 | Orc:1    | Reached skill level 3 in Ranged Weapons
 21182 | Orc:1    | Reached XP level 13. HP: 40/78 MP: 22/25
 21988 | Orc:2    | Entered Level 2 of the Orcish Mines
 22227 | Orc:2    | Reached skill level 4 in Ranged Weapons
 22227 | Orc:2    | Reached skill level 8 in Shields
 22227 | Orc:2    | Reached skill level 4 in Transmutations
 22505 | Orc:2    | Found a staircase to the Elven Halls.
 22518 | Orc:2    | Reached skill level 5 in Transmutations
 22741 | Orc:2    | HP: 6/78 [orc knight/bolt (32)]
 22743 | Orc:2    | Shot with a bolt by an orc knight

Vanquished Creatures
  2 ogre magi
  A boulder beetle (D:11)
  A centaur warrior (D:11)
  7 two-headed ogres
  3 skeletal warriors (D:11)
  An orc sorcerer (Orc:2)
  3 cyclopes
  2 kobold demonologists (D:9)
  4 trolls
  3 saltlings (Orc:2)
  2 water elementals (D:11)
  3 wyverns
  2 yaks (D:9)
  A steam dragon (D:5)
  6 wargs (D:9)
  An acid dragon (D:9)
  A hell hound (D:9)
  2 water moccasins
  10 orc warriors
  2 black bears (D:10)
  4 ice beasts
  A sky beast (D:6)
  6 ogres
  8 centaurs
  3 phantoms
  3 kobold brigands
  4 bullfrogs
  2 gnoll sergeants (D:9)
  2 scorpions (D:6)
  11 wights
  A killer bee (D:6)
  2 electric eels (D:11)
  7 howler monkeys
  4 hounds
  3 jellies
  2 gnoll boudas
  10 orc priests
  2 sleepcaps
  3 iguanas
  11 orc wizards
  11 gnolls
  9 adders
  A shadow imp (D:7)
  A white imp (D:6)
  2 ufetubi
  3 worms
  2 dart slugs
  34 orcs
  3 bats
  9 endoplasms
  3 giant cockroaches
  5 goblins
  8 hobgoblins
  3 jackals (D:2)
  4 quokkas
  3 ball pythons (D:4)
  5 frilled lizards
  10 kobolds
  6 rats
268 creatures vanquished.

Vanquished Creatures (collateral kills)
  A two-headed ogre (D:10)
  2 skeletal warriors (D:11)
  An orc knight (Orc:2)
  2 kobold demonologists (D:9)
  2 trolls
  3 saltlings (Orc:2)
  Prince Ribbit (D:9)
  6 yaks
  A vampire (D:10)
  A wraith (D:11)
  4 wargs (D:9)
  9 orc warriors
  An ogre (Orc:2)
  5 kobold brigands
  A bullfrog (D:10)
  5 wights
  3 howler monkeys (D:9)
  6 orc priests
  3 gnoll boudas (D:9)
  6 orc wizards
  16 orcs
  6 kobolds
85 creatures vanquished.

Grand Total: 353 creatures vanquished

Table legend: (Time is in decaauts)
 A = Elapsed time spent in this place.
 B = Non-inter-level travel time spent in this place.
 C = Inter-level travel time spent in this place.
 D = Time resting spent in this place.
 E = Time spent auto-exploring this place.
 F = Levels seen in this place.
 G = Mean time per level.
                   A        B        C        D        E       F      G
               +--------+--------+--------+--------+--------+-----+--------+
         Total |  23023 |  22495 |    528 |  10619 |   6549 |  14 | 1644.5 |
       Dungeon |  21137 |  20693 |    444 |   9451 |   6227 |  11 | 1921.5 |
        Temple |    194 |    119 |     75 |      0 |    105 |   1 |  194.0 |
  Orcish Mines |   1691 |   1682 |      9 |   1168 |    217 |   2 |  845.5 |
               +--------+--------+--------+--------+--------+-----+--------+

Top non-repeatable levels by time:
     D:9: 5212 daAuts
     D:8: 2277 daAuts
     D:7: 2142 daAuts
    D:11: 2079 daAuts
    D:10: 1867 daAuts
     D:4: 1615 daAuts
     D:5: 1586 daAuts
     D:6: 1524 daAuts
     D:2: 1246 daAuts
   Orc:1: 918 daAuts
     D:1: 853 daAuts
   Orc:2: 772 daAuts
     D:3: 732 daAuts
  Temple: 194 daAuts

Table legend:
 A = Non-vault XP
 B = Vault XP
 C = Vault XP percentage of total XP
 D = Non-vault monster count
 E = Vault monster count
 F = Vault count percentage of total count
                 A         B        C        D         E       F
            +---------+---------+-------+---------+---------+-------
      Total |   24759 |   13866 |  35.9 |     258 |      95 |  26.9
            +---------+---------+-------+---------+---------+-------
        D:1 |      31 |       2 |   6.1 |      19 |       1 |   5.0
        D:2 |      62 |       0 |   0.0 |      19 |       0 |   0.0
        D:3 |     106 |       0 |   0.0 |      16 |       0 |   0.0
        D:4 |     537 |       0 |   0.0 |      28 |       0 |   0.0
        D:5 |     780 |       0 |   0.0 |      22 |       0 |   0.0
        D:6 |     930 |     652 |  41.2 |      20 |       8 |  28.6
        D:7 |    1546 |       0 |   0.0 |      25 |       0 |   0.0
        D:8 |     693 |       0 |   0.0 |      17 |       0 |   0.0
        D:9 |    1603 |    9193 |  85.2 |      13 |      53 |  80.3
       D:10 |    3775 |     476 |  11.2 |      15 |       4 |  21.1
       D:11 |    8662 |     784 |   8.3 |      27 |      21 |  43.8
      Orc:1 |    3120 |       0 |   0.0 |      12 |       0 |   0.0
      Orc:2 |    2914 |    2759 |  48.6 |      25 |       8 |  24.2
            +---------+---------+-------+---------+---------+-------
